| TOP OF THE 1ST |
|
Tri-City Dust Devils batting - Pitching for Lewiston Broncs : RHP Eric King
|
|
Pitching: RHP Eric King
|
|
|
Batting: LHB LaVel Freeman
|
0-0: Bunt missed! 0-1: Ball 1-1: Ball 2-1: Ball 3-1: Foul Ball, location: 2F 3-2: Foul Ball, location: 2F 3-2: Ground out 4-3 (Groundball, 34D, EV 103.1 MPH)
|
|
Batting: RHB J.B. Moore
|
0-0: Foul Ball, location: 2F 0-1: Ball 1-1: Ball 2-1: Swinging Strike 2-2: Strikes out swinging
|
|
Batting: RHB Desmond Brooks
|
0-0: Ball 1-0: Ball 2-0: Swinging Strike 2-1: Ball 3-1: Foul Ball, location: 2F 3-2: Strikes out swinging
|
| Top of the 1st over - 0 runs, 0 hits, 0 errors, 0 left on base; Tri-City 0 - Lewiston 0 |
| BOTTOM OF THE 1ST |
|
Lewiston Broncs batting - Pitching for Tri-City Dust Devils : RHP Guillermo Perez
|
|
Pitching: RHP Guillermo Perez
|
|
|
Batting: LHB Wayne Kirby
|
0-0: Foul Ball, location: 2F 0-1: Ball 1-1: Foul Ball, location: 2F 1-2: SINGLE (Line Drive, 6MD, EV 94.4 MPH)
|
|
Batting: LHB Alex Hernandez
|
0-0: Ball 1-0: Foul Ball, location: 2F 1-1: Ball 2-1: Swinging Strike 2-2: Foul Ball, location: 2F 2-2: Foul Ball, location: 2F 2-2: Strikes out swinging
|
|
Batting: RHB Jeff Kunkel
|
0-0: Ball 1-0: Ball 2-0: Called Strike 2-1: Foul Ball, location: 2F 2-2: Foul Ball, location: 2F 2-2: Fielders Choice at 2nd, 5-4 (Groundball, 56S, EV 85.0 MPH)
|
|
Batting: RHB Bruce Castoria
|
0-0: Ball 1-0: Fly out, F4 (Flyball, 3D, EV 84.4 MPH)
|
| Bottom of the 1st over - 0 runs, 1 hit, 0 errors, 1 left on base; Tri-City 0 - Lewiston 0 |
| TOP OF THE 2ND |
|
Tri-City Dust Devils batting - Pitching for Lewiston Broncs : RHP Eric King
|
|
Batting: LHB Rafael Codinach
|
0-0: Swinging Strike 0-1: Foul Ball, location: 2F 0-2: Ball 1-2: Strikes out swinging
|
|
Batting: RHB Felipe Hernandez
|
0-0: Ball 1-0: Swinging Strike 1-1: Foul Ball, location: 2F 1-2: Foul Ball, location: 2F 1-2: Ball 2-2: Ball 3-2: Foul Ball, location: 2F 3-2: Foul Ball, location: 2F 3-2: Strikes out swinging
|
|
Batting: LHB George Priftis
|
0-0: Ball 1-0: Ball 2-0: Called Strike 2-1: Foul Ball, location: 2F 2-2: Foul Ball, location: 2F 2-2: Foul Ball, location: 2F 2-2: Foul Ball, location: 2F 2-2: Ball 3-2: SINGLE (Groundball, 34D, EV 103.1 MPH)
|
|
Batting: LHB Daraka Shaheed
|
0-0: Called Strike 0-1: Ball 1-1: Fly out, F4 (Line Drive, 4, EV 68.8 MPH)
|
| Top of the 2nd over - 0 runs, 1 hit, 0 errors, 1 left on base; Tri-City 0 - Lewiston 0 |
| BOTTOM OF THE 2ND |
|
Lewiston Broncs batting - Pitching for Tri-City Dust Devils : RHP Guillermo Perez
|
|
Batting: LHB Nestor Moreno
|
0-0: SINGLE (Line Drive, 8RS, EV 96.3 MPH)
|
|
Batting: RHB Sal D'Alessandro
|
0-0: Fly out, F7 (Flyball, 7D, EV 95.0 MPH)
|
|
Batting: RHB Steven Spalt
|
0-0: Called Strike 0-1: Ball 1-1: Ball 2-1: Called Strike 2-2: Grounds into double play, 6-4-3 (Groundball, 6S, EV 78.8 MPH)
|
| Bottom of the 2nd over - 0 runs, 1 hit, 0 errors, 0 left on base; Tri-City 0 - Lewiston 0 |
| TOP OF THE 3RD |
|
Tri-City Dust Devils batting - Pitching for Lewiston Broncs : RHP Eric King
|
|
Batting: RHB Dennis Glynn
|
0-0: Foul Ball, location: 2F 0-1: Ground out U3 (Groundball, 34S, EV 68.8 MPH)
|
|
Batting: RHB Jeff DeWillis
|
0-0: Ball 1-0: Called Strike 1-1: Ball 2-1: Foul Ball, location: 2F 2-2: Ball 3-2: Foul Ball, location: 2F 3-2: Base on Balls
|
|
Batting: LHB LaVel Freeman
|
0-0: Called Strike 0-1: Ball 1-1: Foul Ball, location: 2F 1-2: Ball 2-2: Foul Ball, location: 2F 2-2: Fielders Choice at 2nd, 6-4 (Groundball, 6, EV 78.8 MPH)
|
|
Batting: RHB J.B. Moore
|
0-0: Ball 1-0: Called Strike 1-1: Called Strike 1-2: Ground out 4-3 (Groundball, 4, EV 86.9 MPH)
|
| Top of the 3rd over - 0 runs, 0 hits, 0 errors, 1 left on base; Tri-City 0 - Lewiston 0 |
| BOTTOM OF THE 3RD |
|
Lewiston Broncs batting - Pitching for Tri-City Dust Devils : RHP Guillermo Perez
|
|
Batting: SHB Stephen Kowalski
|
0-0: Called Strike 0-1: Ball 1-1: Ball 2-1: Foul Ball, location: 2F 2-2: Foul Ball, location: 2F 2-2: Ball 3-2: Strikes out swinging
|
|
Batting: RHB Jay Roberts
|
0-0: Foul Ball, location: 2F 0-1: Fly out, F3 (Popup, 3SF, EV 66.3 MPH)
|
|
Batting: LHB Wayne Kirby
|
0-0: Ball 1-0: Ground out 4-3 (Groundball, 4, EV 83.8 MPH)
|
| Bottom of the 3rd over - 0 runs, 0 hits, 0 errors, 0 left on base; Tri-City 0 - Lewiston 0 |
| TOP OF THE 4TH |
|
Tri-City Dust Devils batting - Pitching for Lewiston Broncs : RHP Eric King
|
|
Batting: RHB Desmond Brooks
|
0-0: Ball 1-0: SINGLE (Line Drive, 89S, EV 108.8 MPH)
|
|
Batting: LHB Rafael Codinach
|
0-0: SINGLE (Line Drive, 34D, EV 104.4 MPH) Desmond Brooks to second
|
|
Batting: RHB Felipe Hernandez
|
0-0: Swinging Strike 0-1: SINGLE (Flyball, 4D, EV 96.3 MPH) Desmond Brooks to third Rafael Codinach to second
|
|
Batting: LHB George Priftis
|
0-0: Called Strike 0-1: Ball 1-1: Foul Ball, location: 2F 1-2: Ball 2-2: Ball 3-2: Base on Balls Desmond Brooks scores Rafael Codinach to third Felipe Hernandez to second
|
|
Batting: LHB Daraka Shaheed
|
0-0: Ball 1-0: Called Strike 1-1: Fly out, F7 (Flyball, 7, EV 82.5 MPH)
|
|
Batting: RHB Dennis Glynn
|
0-0: Ball 1-0: Ball 2-0: Ball 3-0: Base on Balls Rafael Codinach scores Felipe Hernandez to third George Priftis to second
|
|
Batting: RHB Jeff DeWillis
|
0-0: Ball 1-0: Ball 2-0: Called Strike 2-1: Ball 3-1: Grounds into double play, 5-4-3 (Groundball, 5, EV 101.3 MPH)
|
| Top of the 4th over - 2 runs, 3 hits, 0 errors, 2 left on base; Tri-City 2 - Lewiston 0 |
| BOTTOM OF THE 4TH |
|
Lewiston Broncs batting - Pitching for Tri-City Dust Devils : RHP Guillermo Perez
|
|
Batting: LHB Alex Hernandez
|
0-0: Ball 1-0: Swinging Strike 1-1: DOUBLE (Flyball, 78D, EV 103.1 MPH)
|
|
Batting: RHB Jeff Kunkel
|
0-0: Ball Wild Pitch! Alex Hernandez to third 1-0: Ball 2-0: Ball 3-0: Called Strike 3-1: SINGLE (Line Drive, 9S, EV 95.0 MPH) Alex Hernandez scores
|
|
Batting: RHB Bruce Castoria
|
0-0: Called Strike 0-1: Foul Ball, location: 2F 0-2: Ball 1-2: Fly out, F6 (Popup, 6MS, EV 86.3 MPH)
|
|
Batting: LHB Nestor Moreno
|
0-0: Ball 1-0: SINGLE (Flyball, 4D, EV 91.3 MPH) Jeff Kunkel to second
|
|
Batting: RHB Sal D'Alessandro
|
0-0: Grounds into double play, 5-4-3 (Groundball, 5, EV 90.0 MPH)
|
| Bottom of the 4th over - 1 run, 3 hits, 0 errors, 1 left on base; Tri-City 2 - Lewiston 1 |
| TOP OF THE 5TH |
|
Tri-City Dust Devils batting - Pitching for Lewiston Broncs : RHP Eric King
|
|
Batting: LHB LaVel Freeman
|
0-0: Ball 1-0: Ball 2-0: Called Strike 2-1: Ball 3-1: Foul Ball, location: 2F 3-2: Ground out U3 (Groundball, 34, EV 101.3 MPH)
|
|
Batting: RHB J.B. Moore
|
0-0: SINGLE (Groundball, 6D, EV 93.8 MPH)
|
|
Batting: RHB Desmond Brooks
|
0-0: Ball 1-0: Called Strike 1-1: Ball 2-1: Ball 3-1: Foul Ball, location: 2F 3-2: Strikes out looking
|
|
Batting: LHB Rafael Codinach
|
0-0: Called Strike 0-1: Ball 1-1: Ball 2-1: Fly out, F4 (Line Drive, 4, EV 75.6 MPH)
|
| Top of the 5th over - 0 runs, 1 hit, 0 errors, 1 left on base; Tri-City 2 - Lewiston 1 |
| BOTTOM OF THE 5TH |
|
Lewiston Broncs batting - Pitching for Tri-City Dust Devils : RHP Guillermo Perez
|
|
Batting: RHB Steven Spalt
|
0-0: Called Strike 0-1: Ground out 5-3 (Groundball, 56S, EV 78.1 MPH)
|
|
Batting: SHB Stephen Kowalski
|
0-0: Swinging Strike 0-1: Ball 1-1: Foul Ball, location: 2F 1-2: Ball 2-2: Foul Ball, location: 2F 2-2: Foul Ball, location: 2F 2-2: Strikes out looking
|
|
Batting: RHB Jay Roberts
|
0-0: Called Strike 0-1: Foul Ball, location: 2F 0-2: Ball 1-2: Strikes out looking
|
| Bottom of the 5th over - 0 runs, 0 hits, 0 errors, 0 left on base; Tri-City 2 - Lewiston 1 |
| TOP OF THE 6TH |
|
Tri-City Dust Devils batting - Pitching for Lewiston Broncs : RHP Eric King
|
|
Batting: RHB Felipe Hernandez
|
0-0: Called Strike 0-1: Foul Ball, location: 2F 0-2: Ground out 5-3 (Groundball, 25, EV 93.1 MPH)
|
|
Batting: LHB George Priftis
|
0-0: Ball 1-0: Ground out 5-3 (Groundball, 56S, EV 75.0 MPH)
|
|
Batting: LHB Daraka Shaheed
|
0-0: Called Strike 0-1: Ball 1-1: Foul Ball, location: 2F 1-2: TRIPLE (Flyball, 78XD, EV 104.4 MPH)
|
|
Batting: RHB Dennis Glynn
|
0-0: Ball 1-0: Called Strike 1-1: SINGLE (Line Drive, 78S, EV 101.9 MPH) Daraka Shaheed scores
|
|
Batting: RHB Jeff DeWillis
|
0-0: Fielders Choice at 2nd, 6-4 (Groundball, 56, EV 84.4 MPH)
|
| Top of the 6th over - 1 run, 2 hits, 0 errors, 1 left on base; Tri-City 3 - Lewiston 1 |
| BOTTOM OF THE 6TH |
|
Lewiston Broncs batting - Pitching for Tri-City Dust Devils : RHP Guillermo Perez
|
|
Batting: LHB Wayne Kirby
|
0-0: Called Strike 0-1: Swinging Strike 0-2: Strikes out swinging
|
|
Batting: LHB Alex Hernandez
|
0-0: Ball 1-0: Swinging Strike 1-1: Ball 2-1: Foul Ball, location: 2F 2-2: Ball 3-2: Strikes out swinging
|
|
Batting: RHB Jeff Kunkel
|
0-0: Called Strike 0-1: Ball 1-1: SINGLE (Groundball, 6M, EV 92.5 MPH) (infield hit)
|
|
Batting: RHB Bruce Castoria
|
0-0: Fielders Choice at 2nd, 6-4 (Groundball, 6, EV 82.5 MPH)
|
| Bottom of the 6th over - 0 runs, 1 hit, 0 errors, 1 left on base; Tri-City 3 - Lewiston 1 |
| TOP OF THE 7TH |
|
Tri-City Dust Devils batting - Pitching for Lewiston Broncs : RHP Eric King
|
|
Batting: LHB LaVel Freeman
|
0-0: Ball 1-0: Ball 2-0: Foul Ball, location: 2F 2-1: Ball 3-1: Foul Ball, location: 2F 3-2: Strikes out swinging
|
|
Batting: RHB J.B. Moore
|
0-0: Swinging Strike 0-1: Foul Ball, location: 2F 0-2: Foul Ball, location: 2F 0-2: Ball 1-2: Ball 2-2: Ball 3-2: Base on Balls
|
|
Batting: RHB Desmond Brooks
|
0-0: Ball J.B. Moore steals 2nd base 1-0: Called Strike 1-1: Swinging Strike 1-2: Foul Ball, location: 2F 1-2: Ball 2-2: Foul Ball, location: 2F 2-2: Ball 3-2: Ground out 3-1 (Groundball, 34S, EV 81.9 MPH) J.B. Moore to third
|
|
Batting: LHB Rafael Codinach
|
0-0: Called Strike 0-1: Ball 1-1: Called Strike 1-2: Strikes out swinging, 2-3 out at first.
|
| Top of the 7th over - 0 runs, 0 hits, 0 errors, 1 left on base; Tri-City 3 - Lewiston 1 |
| BOTTOM OF THE 7TH |
|
Lewiston Broncs batting - Pitching for Tri-City Dust Devils : RHP Guillermo Perez
|
|
Batting: LHB Nestor Moreno
|
0-0: Ball 1-0: Called Strike 1-1: Ground out 4-3 (Groundball, 4, EV 90.6 MPH)
|
|
Batting: RHB Sal D'Alessandro
|
0-0: Called Strike 0-1: Ball 1-1: Fly out, F8 (Flyball, 8RD, EV 103.8 MPH)
|
|
Batting: RHB Steven Spalt
|
0-0: Ball 1-0: Ball 2-0: Ball 3-0: Base on Balls
|
|
Batting: SHB Stephen Kowalski
|
0-0: Ball 1-0: Foul Ball, location: 2F 1-1: Ground out 6-3 (Groundball, 6MS, EV 88.1 MPH)
|
| Bottom of the 7th over - 0 runs, 0 hits, 0 errors, 1 left on base; Tri-City 3 - Lewiston 1 |
| TOP OF THE 8TH |
|
Tri-City Dust Devils batting - Pitching for Lewiston Broncs : RHP Eric King
|
|
Batting: RHB Felipe Hernandez
|
0-0: Ball 1-0: Swinging Strike 1-1: Ball 2-1: Called Strike 2-2: Foul Ball, location: 2F 2-2: SINGLE (Line Drive, 5D, EV 107.5 MPH)
|
|
Batting: LHB George Priftis
|
0-0: Ball 1-0: Foul Ball, location: 2F 1-1: Called Strike 1-2: Foul Ball, location: 2F 1-2: Strikes out swinging
|
|
Batting: LHB Daraka Shaheed
|
0-0: Ball 1-0: Ball 2-0: SINGLE (Groundball, 25, EV 60.0 MPH) (infield hit) Felipe Hernandez to second
|
|
Batting: RHB Dennis Glynn
|
0-0: SINGLE (Line Drive, 4D, EV 99.4 MPH) Felipe Hernandez to third Daraka Shaheed to second
|
|
Batting: RHB Jeff DeWillis
|
0-0: Ball 1-0: Fly out, F9 (Flyball, 89M, EV 91.9 MPH) Runner from 3rd tags up, SCORES, throw by RF Daraka Shaheed to third
|
|
Batting: LHB LaVel Freeman
|
0-0: DOUBLE (Line Drive, 78M, EV 95.0 MPH) Daraka Shaheed scores Dennis Glynn to third Runner from 3rd tries for Home, SAFE, throw by LF to trailing runner, SAFE at third!
|
|
Pitching: RHP Julio Romero
|
|
|
Batting: RHB J.B. Moore
|
0-0: Ground out 1-3 (Groundball, 15, EV 75.0 MPH)
|
| Top of the 8th over - 3 runs, 4 hits, 0 errors, 1 left on base; Tri-City 6 - Lewiston 1 |
| BOTTOM OF THE 8TH |
|
Lewiston Broncs batting - Pitching for Tri-City Dust Devils : RHP Guillermo Perez
|
|
Batting: RHB Jay Roberts
|
0-0: Called Strike 0-1: Ball 1-1: Foul Ball, location: 2F 1-2: Ground out 5-3 (Groundball, 15, EV 93.8 MPH)
|
|
Batting: LHB Wayne Kirby
|
0-0: Foul Ball, location: 2F 0-1: Ground out 6-3 (Groundball, 6, EV 106.3 MPH)
|
|
Batting: LHB Alex Hernandez
|
0-0: Called Strike 0-1: Ball 1-1: Fly out, F6 (Flyball, 5D, EV 81.3 MPH)
|
| Bottom of the 8th over - 0 runs, 0 hits, 0 errors, 0 left on base; Tri-City 6 - Lewiston 1 |
| TOP OF THE 9TH |
|
Tri-City Dust Devils batting - Pitching for Lewiston Broncs : RHP Julio Romero
|
|
Batting: RHB Desmond Brooks
|
0-0: Fly out, F9 (Flyball, 9LS, EV 78.8 MPH)
|
|
Batting: LHB Rafael Codinach
|
0-0: Called Strike 0-1: Foul Ball, location: 2F 0-2: Ball 1-2: Ball 2-2: Fly out, F8 (Flyball, 89D, EV 86.3 MPH)
|
|
Batting: RHB Felipe Hernandez
|
0-0: Called Strike 0-1: Swinging Strike 0-2: Ball 1-2: Strikes out swinging
|
| Top of the 9th over - 0 runs, 0 hits, 0 errors, 0 left on base; Tri-City 6 - Lewiston 1 |
| BOTTOM OF THE 9TH |
|
Lewiston Broncs batting - Pitching for Tri-City Dust Devils : RHP Guillermo Perez
|
|
Batting: RHB Jeff Kunkel
|
0-0: Called Strike 0-1: SINGLE (Groundball, 6MD, EV 97.5 MPH)
|
|
Batting: RHB Bruce Castoria
|
0-0: Fly out, F8 (Line Drive, 8RD, EV 95.0 MPH)
|
|
Batting: LHB Nestor Moreno
|
0-0: Foul Ball, location: 2F 0-1: 2-RUN HOME RUN (Flyball, 7D, EV 99.4 MPH), Distance : 383 ft
|
|
Batting: RHB Sal D'Alessandro
|
0-0: Ball 1-0: Ball 2-0: Called Strike 2-1: Ball 3-1: Called Strike 3-2: Foul Ball, location: 2F 3-2: SOLO HOME RUN (Flyball, 7LD, EV 98.1 MPH), Distance : 354 ft
|
|
Batting: RHB Steven Spalt
|
0-0: Swinging Strike 0-1: Ground out 4-3 (Groundball, 4, EV 80.6 MPH)
|
|
Batting: SHB Stephen Kowalski
|
0-0: Foul Ball, location: 2F 0-1: Called Strike 0-2: Ball 1-2: DOUBLE (Line Drive, 89D, EV 109.4 MPH)
|
|
Pinch Hitting: RHB Tony Cordova
|
0-0: Foul Ball, location: 2F 0-1: Ball 1-1: Ground out 6-3 (Groundball, 6S, EV 85.6 MPH)
|
| Bottom of the 9th over - 3 runs, 4 hits, 0 errors, 1 left on base; Tri-City 6 - Lewiston 4 |
|